cohdb
Replays
Latest Replays
All Replays
Popular Replays
Top Player Replays
Match Explorer
How It Works
Community
CoH3 Stats
Reddit
Sign in to upload your games and track your stats! →
Sign in with Steam
Match 39976082
Unlisted
Match 39976082
Overview
Messages
Build Orders
End
Kettenkrad Recon Vehicle
Selects Italian Coastal Battlegroup
Selects Coastal Reserves
Coastal Reserve
Coastal Reserve
Coastal Reserve
Construct Infanterie Kompanie
Medical Station
Selects Artillery Officer
Artillery Officer
MG 42 Bunker
Construct Luftwaffe Kompanie
Coastal Reserve
221 Scout Car
Coastal Reserve
GrW 34 Mortar Team
Selects Obice da 210/22 Artillery Emplacement
MG 42 Bunker
Selects Support Bunkers
Selects Designated Artillery Overwatch
Sauzer88
[LoB]Fagio
Andreuz
Paradox
IronFang
JuicyBeijingDUCK
0
0
Comments
sign in to comment!
No comments posted yet!